 Dungeon Crawl Stone Soup version 0.29.1-2-gbd0b4ee654 (webtiles) character file.

Game seed: 17353307082697985674

185 GorkyZ the Shield-Bearer (level 5, -1/33 HPs)
             Began as a Gargoyle Fighter on Nov 23, 2022.
             Slain by a gnoll
             ... wielding a +0 halberd
              (5 damage)
             ... on level 4 of the Dungeon.
             The game lasted 00:07:29 (3810 turns).

GorkyZ the Shield-Bearer (Gargoyle Fighter)         Turns: 3810, Time: 00:07:29

Health: -1/33      AC: 18    Str: 21    XL:     5   Next: 64%
Magic:  5/5        EV:  5    Int:  9    God:
Gold:   211        SH:  8    Dex: 12    Spells: 4/4 levels left

rFire   . . .      SeeInvis .   a - +0 war axe
rCold   + . .      Faith    .   v - +0 kite shield
rNeg    + . .      Spirit   .   q - +0 plate armour
rPois   ∞          Reflect  .   (no helmet)
rElec   +          Harm     .   (no cloak)
rCorr   +          Rampage  .   r - +0 pair of gloves "Baoje" {rElec rC+ Dex+3}
Will    .....                   i - +0 pair of boots
Stlth   ..........              (no amulet)
HPRegen 0.11/turn               l - ring of resist corrosion
MPRegen 0.09/turn               (no ring)

@: no status effects
A: sickness immunity, AC +4, negative energy resistance 1, electricity
resistance, torment resistance 1, petrification resistance
a: no special abilities


You were on level 4 of the Dungeon.
You visited 1 branch of the dungeon, and saw 4 of its levels.

You collected 211 gold pieces.

Inventory:

Hand Weapons
 a - a +0 war axe (weapon)
 u - a +0 dagger of draining
Missiles
 e - 5 curare-tipped darts (quivered)
Armour
 b - a +0 scale mail
 c - a +0 buckler
 f - a +2 leather armour of poison resistance
 i - a +0 pair of boots (worn)
 q - a +0 plate armour (worn)
 r - the +0 pair of gloves "Baoje" (worn) {rElec rC+ Dex+3}
   (You found it on level 3 of the Dungeon)

   Dex:       It affects your dexterity (+3).
   rC:        It protects you from cold.
   rElec:     It insulates you from electricity.
 t - a +0 chain mail
 v - a +0 kite shield (worn)
Jewellery
 l - a ring of resist corrosion (left hand)
Scrolls
 h - a scroll of identify
 m - a scroll of brand weapon {unknown}
 o - a scroll of teleportation {unknown}
Potions
 d - 2 potions of might
 g - a potion of flight
 j - 3 potions of curing
 k - 2 potions of ambrosia {unknown}
 n - a potion of cancellation {unknown}
 p - 2 potions of mutation {unknown}
 s - a potion of resistance {unknown}
 w - a potion of heal wounds {unknown}


   Skills:
 + Level 4.0 Fighting
 + Level 2.5 Axes
 + Level 1.3 Throwing
 + Level 3.8 Armour
 + Level 1.3 Dodging
 + Level 4.0 Shields
 + Level 1.4 Evocations


You had 4 spell levels left.
You didn't know any spells.
Your spell library contained the following spells:

 Spells                   Type           Power      Damage    Failure   Level
 Sandblast                Erth           0%         2d4       100%        1
 Passwall                 Tmut/Erth      0%         N/A       100%        2
 Stone Arrow              Conj/Erth      0%         3d7       100%        3
 Olgreb's Toxic Radiance  Pois           0%         N/A       100%        4
 Ozocubu's Refrigeration  Ice            0%         4d7       100%        7
 Ignition                 Fire           0%         3d3       100%        8


Dungeon Overview and Level Annotations

Branches:
Dungeon (4/15)
 Temple: D:4-7

Altars:
Cheibriados
Trog
Yredelemnul
Zin


Innate Abilities, Weirdness & Mutations

You are immune to sickness and miasma.
Your stone body is resilient. (AC +4)
You are immune to poison.
You resist negative energy. (rN+)
You are resistant to electric shocks. (rElec)
You are resistant to unholy torment.
You are immune to petrification.


Message History

You slash the gnoll! x2; You block the gnoll's attack. x2
The gnoll hits you but does no damage.
You barely miss the gnoll.
The gnoll is severely wounded.
You hit the gnoll but do no damage.
The gnoll hits you but does no damage. x3
The gnoll completely misses you. The gnoll hits you but does no damage.
You block the gnoll's attack.
Unknown command.
You closely miss the gnoll.
The gnoll is severely wounded.
You hit the gnoll.
You kill the gnoll!
You hear the brisk hiss of an avalanche of sand nearby.
You block the gnoll's attack. The gnoll hits you but does no damage.
You slash the gnoll!
You kill the gnoll!
The gnoll hits you but does no damage. The gnoll completely misses you.
Found a scale mail.
The gnoll hits you with a +0 halberd.
You see here a +0 whip.
You barely miss the gnoll. The gnoll hits you with a +0 halberd.
You block the gnoll's attack.
You hit the gnoll.
The gnoll is lightly wounded.
You block the gnoll's attack.
You closely miss the gnoll.
The gnoll is lightly wounded.
The gnoll barely misses you. The gnoll hits you with a +0 halberd.
* * * LOW HITPOINT WARNING * * *
You hit the gnoll.
The gnoll is moderately wounded.
You block the gnoll's attack.
You closely miss the gnoll.
The gnoll is moderately wounded.
The gnoll hits you with a +0 halberd.
* * * LOW HITPOINT WARNING * * *
The gnoll hits you but does no damage.
You closely miss the gnoll.
The gnoll is moderately wounded.
The gnoll hits you with a +0 halberd.
You die...

#.....##....##..##.......
#.....##....##..##..##...
#......#........##..##...
#......#....##..##..#....
#......#....##+###..#....
#.....##....# #..#....
#.....##)...##.. #..#....
#......')....... #..#....
#......#@g..##. #..#....
#......#....# #....
#......#........ #....
#......#.......[ #....
#.....##....##.. #..#.
############# . #####


You could see a gnoll.

Vanquished Creatures
  Robin (D:4)
  3 gnolls (D:4)
  2 adders (D:3)
  2 ufetubi
  3 worms
  2 dart slugs
  8 orcs
  8 ball pythons
  11 endoplasms
  4 giant cockroaches
  11 goblins
  7 hobgoblins
  7 jackals (D:3)
  5 quokkas
  3 bats
  3 frilled lizards
  4 kobolds
  4 rats
88 creatures vanquished.

Notes
Turn   | Place    | Note
-------+----------+-------------------------------------------
     0 | D:1      | GorkyZ the Gargoyle Fighter began the quest for the Orb.
     0 | D:1      | Reached XP level 1. HP: 14/14 MP: 1/1
   191 | D:1      | Reached XP level 2. HP: 14/19 MP: 2/2
   705 | D:1      | Reached XP level 3. HP: 16/23 MP: 3/3
  1502 | D:2      | Found a faded altar of an unknown god.
  2283 | D:2      | Reached XP level 4. HP: 25/29 MP: 4/4
  2333 | D:3      | Reached skill level 1 in Evocations
  2346 | D:3      | Reached skill level 1 in Throwing
  2451 | D:3      | Reached skill level 1 in Dodging
  2713 | D:3      | Found a glowing silver altar of Zin.
  2714 | D:3      | Found a bloodstained altar of Trog.
  2715 | D:3      | Found a snail-covered altar of Cheibriados.
  2715 | D:3      | Found a basalt altar of Yredelemnul.
  3000 | D:3      | Identified the +0 pair of gloves "Baoje" {rElec rC+ Dex+3}
  3432 | D:4      | Reached XP level 5. HP: 27/33 MP: 5/5
  3684 | D:4      | Noticed Robin
  3696 | D:4      | Killed Robin
  3810 | D:4      | Slain by a gnoll

Illustrated notes

Levels and vault maps discovered:
D:1:      psy_arrival_conway, layout_rooms, serial_co_window_serial,
          co_window_paths_a, co_window_of_opportunity_a, co_window_paths_b,
          co_window_paths_a, co_window_corner_a, co_window_corner_a,
          co_window_paths_b, co_window_broadway_c, co_window_of_opportunity_c,
          co_window_cross_4, co_window_paths_d, glass_columns_a,
          glass_columns_c, glass_columns_a, glass_columns_c, glass_columns_b,
          nicolae_wormholes
D:2:      layout_loops_ring, hellmonk_ecumenical_altar_zigzags
D:3:      layout_loops_ring, mainiacjoe_overflow_alcove_3,
          kennysheep_minor_cross, minmay_misc_feat_doors
D:4:      minmay_wonky_spiral, layout_gridville, enter_ossuary_2, uniq_natasha,
          uniq_robin, uniq_eustachio

Skill      XL: |  1  2  3  4  5 |
---------------+----------------+-----
Axes           | 2 |  2.5
Evocations     | 1 |  1.4
Throwing       | 1 |  1.3
Dodging        | 1 |  1.3
Shields        | 4 |  4.0
Fighting       | 4 |  4.0
Armour         | |  3.8

Action                   |  1- 3 |  4- 6 || total
-------------------------+-------+-------++-------
Melee: War axe           |    94 |   124 ||   218
  Use: Scroll            |       |     6 ||     6
Armor: Scale mail        |    43 |    50 ||    93
       Plate armour      |       |    55 ||    55
       Chain mail        |       |     1 ||     1
Dodge: Dodged            |    52 |    60 ||   112
Block: Buckler           |    21 |    26 ||    47
       Kite shield       |       |    25 ||    25
